[Event "Titled Tuesday Blitz June 20 Early 2023"]
[White "Maksimovic, Bojan"]
[Black "Adla, Diego"]
[WhiteFideId "14408120"]
[BlackFideId "100072"]
[WhiteElo "2457"]
[BlackElo "2377"]
[Result "1-0"]
[Round "11"]
[TimeControl "180+2"]
[Date "2023.06.20"]
[WhiteClock "0:02:10"]
[BlackClock "0:00:22"]
[Board "57"]

1. e4 e5 2. Nf3 Nc6 3. c3 d5 4. Qa4 Bd7 5. exd5 Nd4 6. Qd1 Nxf3+ 7. Qxf3 Nf6 8. d3 Bd6 9. Nd2 O-O 10. Ne4 Nxe4 11. dxe4 f5 12. Be3 fxe4 13. Qxe4 Bf5 14. Qa4 a6 15. Be2 b5 16. Qd1 Be4 17. O-O c6 18. dxc6 Bxc6 19. a4 Qf6 20. axb5 axb5 21. Rxa8 Bxa8 22. Bxb5 Qg6 23. Bc4+ Kh8 24. Bd5 e4 25. Bxa8 Rxa8 26. Qd5 Rf8 27. Rd1 Rf6 28. b4 h6 29. b5 Kh7 30. c4 Bf4 31. Bxf4 Rxf4 32. Qd4 Rg4 33. g3 h5 34. Qe3 h4 35. b6 hxg3 36. hxg3 Qh5 37. Rd5 1-0


[Site "https://www.chess.com"]

[Event "Titled Tuesday Blitz June 20 Early 2023"]
[White "Parpiev, Isaak"]
[Black "Aradhya, Garg"]
[WhiteFideId "34281576"]
[BlackFideId "25006746"]
[WhiteElo "2167"]
[BlackElo "2263"]
[Result "0-1"]
[Round "11"]
[TimeControl "180+2"]
[Date "2023.06.20"]
[WhiteClock "0:00:00"]
[BlackClock "0:01:47"]
[Board "58"]

1. d4 d5 2. c4 e6 3. Nc3 Nf6 4. cxd5 exd5 5. Bg5 c6 6. e3 h6 7. Bh4 Be7 8. Bd3 O-O 9. Nge2 Re8 10. Qc2 a5 11. O-O Na6 12. a3 b5 13. f3 Bb7 14. Bf2 b4 15. Na4 Rc8 16. Qd2 c5 17. Bb5 Rf8 18. Bxa6 Bxa6 19. dxc5 Nd7 20. axb4 axb4 21. Rfd1 Bc4 22. c6 Ne5 23. Nd4 Nxc6 24. Nxc6 Rxc6 25. Rdc1 Qd7 26. e4 Qe6 27. Nb6 Rxb6 28. exd5 Bxd5 29. Bxb6 Qxb6+ 30. Kh1 Be6 31. Re1 Bg5 32. f4 Rd8 33. Qc1 Bf6 34. Re2 b3 35. h3 Qd4 36. Kh2 Rc8 37. Qf1 Rc2 38. Ra8+ Kh7 39. f5 Bd5 40. Rxc2 bxc2 41. Qc1 Be5+ 42. Kh1 Qd1+ 0-1


[Site "https://www.chess.com"]

[Event "Titled Tuesday Blitz June 20 Early 2023"]
[White "Renjith, Sravan"]
[Black "Ambartsumova, Karina"]
[WhiteFideId "4306783"]
[BlackFideId "4166299"]
[WhiteElo "2104"]
[BlackElo "2240"]
[Result "1-0"]
[Round "11"]
[TimeControl "180+2"]
[Date "2023.06.20"]
[WhiteClock "0:00:08"]
[BlackClock "0:00:09"]
[Board "59"]

1. b3 e5 2. Bb2 Nc6 3. e3 g6 4. Nf3 Bg7 5. Bb5 Nge7 6. O-O O-O 7. d4 d6 8. dxe5 Nxe5 9. Nxe5 dxe5 10. Qxd8 Rxd8 11. Na3 c6 12. Be2 Bf5 13. Rad1 b5 14. g4 Be6 15. c4 a6 16. f4 exf4 17. Bxg7 f3 18. Bxf3 Kxg7 19. c5 Nd5 20. Bxd5 Bxd5 21. Nc2 a5 22. Nd4 b4 23. g5 Re8 24. Rde1 a4 25. Rf2 axb3 26. axb3 Ra3 27. h4 Re4 28. Rf4 Ra2 29. h5 Rg2+ 30. Kxg2 Rxf4+ 31. Kg3 Re4 32. h6+ Kf8 33. Kf2 Re5 34. Ra1 Rxg5 35. Ra8+ Ke7 36. Rh8 Rg2+ 37. Ke1 Rh2 38. Rxh7 Kf6 39. Rh8 g5 40. h7 Be4 41. Nxc6 Bxc6 42. Rc8 Rh1+ 43. Kd2 Rh2+ 44. Ke1 Rxh7 45. Rxc6+ Ke5 46. Rb6 Ke4 47. Kf2 Rh2+ 48. Kg3 Rc2 49. Rxb4+ Kxe3 50. Rc4 Rb2 51. c6 f5 52. c7 f4+ 53. Kg4 Rg2+ 54. Kf5 f3 55. c8=Q f2 56. Qe6+ Kd2 57. Qd5+ Ke1 58. Rc1+ Ke2 59. Qd1+ Ke3 60. Rc3# 1-0


[Site "https://www.chess.com"]

[Event "Titled Tuesday Blitz June 20 Early 2023"]
[White "Rahman, Masruri"]
[Black "Leenhouts, Koen"]
[WhiteFideId "7101163"]
[BlackFideId "1008439"]
[WhiteElo "2256"]
[BlackElo "2409"]
[Result "1-0"]
[Round "11"]
[TimeControl "180+2"]
[Date "2023.06.20"]
[WhiteClock "0:00:09"]
[BlackClock "0:00:03"]
[Board "60"]

1. d4 Nf6 2. Bf4 g6 3. Nc3 d5 4. e3 Bg7 5. h4 h6 6. Nf3 Bg4 7. Be2 c6 8. Ne5 Bxe2 9. Qxe2 Nfd7 10. O-O-O Nxe5 11. dxe5 e6 12. Ne4 Nd7 13. Nd6+ Ke7 14. e4 Nxe5 15. Nxb7 Qb6 16. exd5 Nd7 17. c3 Qxb7 18. dxe6 fxe6 19. Rd6 Nf8 20. Re1 Qc8 21. Qc4 Kf7 22. Rxc6 Qe8 23. Bd6 Kg8 24. Bxf8 Qxf8 25. Rcxe6 Qf7 26. Re8+ Rxe8 27. Rxe8+ Bf8 28. Qe4 Kg7 29. Re6 Kh7 30. h5 Rg8 31. f4 Rg7 32. g4 Bc5 33. Kc2 Bf8 34. b4 a6 35. a4 Kh8 36. b5 Qd7 37. bxa6 Qc7 38. hxg6 Bc5 39. Re8+ Rg8 40. Rxg8+ Kxg8 41. Qe6+ Kg7 42. Qe5+ Qxe5 43. fxe5 Kxg6 44. Kd3 Kf7 45. Kc4 Ba7 46. Kd5 Ke7 47. Kc6 Ke6 48. Kb7 Bc5 49. a7 1-0


[Site "https://www.chess.com"]

[Event "Titled Tuesday Blitz June 20 Early 2023"]
[White "Veiga, Jose Francisco R P Neves"]
[Black "De La Villa Garcia, Jesus Maria"]
[WhiteFideId "1930087"]
[BlackFideId "2200040"]
[WhiteElo "2319"]
[BlackElo "2543"]
[Result "1-0"]
[Round "11"]
[TimeControl "180+2"]
[Date "2023.06.20"]
[WhiteClock "0:02:06"]
[BlackClock "0:01:35"]
[Board "61"]

1. c4 e5 2. Nc3 Nf6 3. Nf3 Nc6 4. e4 Bc5 5. Nxe5 Nxe5 6. d4 Bb4 7. dxe5 Nxe4 8. Qf3 Nxc3 9. bxc3 Ba5 10. Bf4 O-O 11. O-O-O d6 12. exd6 cxd6 13. Bxd6 Qg5+ 14. Kb2 Bg4 15. Qd5 Qxd5 16. Rxd5 Rfd8 17. c5 Be6 18. Rd4 b6 19. c6 Rac8 20. c7 1-0


[Site "https://www.chess.com"]

[Event "Titled Tuesday Blitz June 20 Early 2023"]
[White "Turzo, Attila"]
[Black "Starozhilov, Leonid"]
[WhiteFideId "704954"]
[BlackFideId "14106752"]
[WhiteElo "2530"]
[BlackElo "2352"]
[Result "0-1"]
[Round "11"]
[TimeControl "180+2"]
[Date "2023.06.20"]
[WhiteClock "0:00:33"]
[BlackClock "0:00:38"]
[Board "62"]

1. d4 Nf6 2. c4 g6 3. g3 Bg7 4. Bg2 O-O 5. Nf3 d6 6. O-O c6 7. Nc3 Bf5 8. Nd2 e5 9. e4 Bg4 10. f3 exd4 11. fxg4 dxc3 12. bxc3 Nfd7 13. Rb1 Nc5 14. Ba3 Nbd7 15. Nb3 Qe7 16. Qc2 Rfe8 17. Rbd1 Ne5 18. Nxc5 dxc5 19. Qe2 b6 20. Bc1 Qe6 21. Bf4 Qxc4 22. Qxc4 Nxc4 23. Rd7 Bxc3 24. Bc7 Ne5 25. Bxe5 Bxe5 26. Rfxf7 Rad8 27. Rxa7 c4 28. Bf1 b5 29. a4 Bd4+ 30. Kg2 Bxa7 31. Rxa7 Rxe4 32. axb5 cxb5 33. Kf3 Red4 34. Ke3 R4d7 35. Ra5 Re8+ 36. Kf2 Rf7+ 37. Kg1 Re1 38. Rxb5 Rexf1+ 0-1


[Site "https://www.chess.com"]

[Event "Titled Tuesday Blitz June 20 Early 2023"]
[White "Marek, Matyas"]
[Black "Yelisieiev, Yevhenii"]
[WhiteFideId "335398"]
[BlackFideId "14139642"]
[WhiteElo "2302"]
[BlackElo "2403"]
[Result "1-0"]
[Round "11"]
[TimeControl "180+2"]
[Date "2023.06.20"]
[WhiteClock "0:00:51"]
[BlackClock "0:00:00"]
[Board "63"]

1. Nf3 d6 2. g3 Nf6 3. Bg2 Nbd7 4. O-O e5 5. d3 Be7 6. e4 O-O 7. Nbd2 c6 8. Re1 Re8 9. c3 Bf8 10. d4 a5 11. a4 Qc7 12. b3 b6 13. Bb2 Ba6 14. Qc2 Rad8 15. Rad1 g6 16. h3 Bg7 17. Nc4 exd4 18. cxd4 Nxe4 19. Rxe4 Rxe4 20. Qxe4 d5 21. Qc2 dxc4 22. bxc4 Nc5 23. dxc5 Rxd1+ 24. Qxd1 Bxb2 25. Qb3 Bf6 26. cxb6 Qe7 27. c5 Bb7 28. Qc4 Qe6 29. Qxe6 fxe6 30. Nd2 Be7 31. Ne4 Kf7 32. f4 Ke8 33. Bf1 Kd7 34. Bc4 Bf8 35. Kf2 Bg7 36. Ke3 Kc8 37. Bxe6+ Kb8 38. g4 Bb2 39. f5 gxf5 40. gxf5 Ba6 41. f6 Bf1 42. f7 Bg7 43. Ng5 h6 44. Nh7 Bc4 45. Bxc4 Kb7 46. f8=Q 1-0


[Site "https://www.chess.com"]

[Event "Titled Tuesday Blitz June 20 Early 2023"]
[White "Ismayil, Malak"]
[Black "Nagare Kaivalya Sandip"]
[WhiteFideId "13412604"]
[BlackFideId "25957929"]
[WhiteElo "1868"]
[BlackElo "2024"]
[Result "1-0"]
[Round "11"]
[TimeControl "180+2"]
[Date "2023.06.20"]
[WhiteClock "0:00:14"]
[BlackClock "0:00:23"]
[Board "64"]

1. e4 c5 2. Nf3 d6 3. Bb5+ Nd7 4. O-O a6 5. Bxd7+ Bxd7 6. d4 cxd4 7. Nxd4 Nf6 8. Re1 e5 9. Nf3 Be7 10. c4 O-O 11. Nc3 h6 12. b3 b5 13. c5 Bg4 14. cxd6 Qxd6 15. Qxd6 Bxd6 16. h3 Bxf3 17. gxf3 Rac8 18. Nd1 Bb4 19. Re2 Rfd8 20. Bb2 Bd6 21. Ne3 Nh5 22. Nd5 f6 23. Rd1 Bc5 24. Red2 Kf7 25. Kf1 g5 26. Ke2 Rd7 27. Rc2 Nf4+ 28. Nxf4 Rxd1 29. Kxd1 gxf4 30. Ke2 Rc7 31. Ba3 Bb6 32. Rd2 Bd4 33. Bb2 Bxb2 34. Rxb2 Ke6 35. Rd2 b4 36. h4 h5 37. Rd8 Rc2+ 38. Rd2 Rxd2+ 39. Kxd2 Kd6 40. Kd3 Kc5 41. Kc2 Kd6 42. Kd2 Ke6 43. Kd3 f5 44. Kc4 fxe4 45. fxe4 a5 46. Kb5 Kd6 47. f3 a4 1-0


[Site "https://www.chess.com"]

[Event "Titled Tuesday Blitz June 20 Early 2023"]
[White "Rodchenkov, Sergey D."]
[Black "Weishaeutel, Moritz"]
[WhiteFideId "4168712"]
[BlackFideId "12967300"]
[WhiteElo "2277"]
[BlackElo "2301"]
[Result "1-0"]
[Round "11"]
[TimeControl "180+2"]
[Date "2023.06.20"]
[WhiteClock "0:00:30"]
[BlackClock "0:00:02"]
[Board "65"]

1. e4 e5 2. Nf3 Nf6 3. d4 Nxe4 4. Bd3 d5 5. Nxe5 Nd7 6. Nxd7 Bxd7 7. O-O Bd6 8. c4 c6 9. Nc3 Nxc3 10. bxc3 O-O 11. cxd5 cxd5 12. Qh5 g6 13. Qxd5 Bf5 14. Qf3 Qh4 15. g3 Bg4 16. Qd5 Qh3 17. Qg2 Qh5 18. f3 Bh3 19. Qf2 Bxf1 20. Qxf1 Rfe8 21. Bd2 Re7 22. Rb1 Rae8 23. Rb5 f5 24. c4 a6 25. Rb6 Bc7 26. Rb3 f4 27. g4 Qh4 28. Kg2 Qf6 29. d5 Qd4 30. Qf2 Qa1 31. c5 Qxa2 32. Bc4 Re2 33. d6+ Kf8 34. Bxe2 Qxd2 35. dxc7 Qxe2 36. Qxe2 Rxe2+ 37. Kf1 Re8 38. Rxb7 Ke7 39. c8=Q+ 1-0


[Site "https://www.chess.com"]

[Event "Titled Tuesday Blitz June 20 Early 2023"]
[White "Vaibhav Jayant Raut"]
[Black "Shapiro, Viktor"]
[WhiteFideId "5089034"]
[BlackFideId "4175700"]
[WhiteElo "2156"]
[BlackElo "2212"]
[Result "1-0"]
[Round "11"]
[TimeControl "180+2"]
[Date "2023.06.20"]
[WhiteClock "0:00:52"]
[BlackClock "0:00:10"]
[Board "66"]

1. c4 Nf6 2. g3 c5 3. Bg2 Nc6 4. Nc3 g6 5. d3 Bg7 6. a3 O-O 7. Rb1 a5 8. Nf3 d6 9. O-O Bd7 10. Ne1 e6 11. Nc2 Ng4 12. h3 Nf6 13. b4 axb4 14. axb4 cxb4 15. Nxb4 Nxb4 16. Rxb4 Bc6 17. Bd2 d5 18. cxd5 Nxd5 19. Nxd5 Bxd5 20. Bxd5 Qxd5 21. Qb1 Ra1 22. Qxa1 Bxa1 23. Rxa1 Qe5 24. Re1 b5 25. Be3 Ra8 26. Kh2 Ra4 27. Reb1 Rxb4 28. Rxb4 f6 29. Re4 Qd5 30. Rd4 Qc6 31. Rd8+ Kg7 32. Rb8 g5 33. Bd4 e5 34. Be3 h6 35. Kg1 Qc2 36. Rxb5 Qxe2 37. Rb7+ Kg6 38. Rd7 h5 39. d4 Qd1+ 40. Kg2 g4 41. hxg4 hxg4 42. Rd6 Kf5 43. dxe5 Qf3+ 44. Kg1 fxe5 45. Rd8 Ke4 46. Rd2 Qf7 47. Rd1 Kf3 48. Re1 Qh7 49. Bg5 Qd3 50. Re3+ Qxe3 51. Bxe3 Ke2 52. Kg2 e4 53. Ba7 Ke1 54. Bb6 Ke2 55. Ba5 e3 56. fxe3 Kxe3 57. Kf1 Kf3 58. Bc7 Ke3 59. Ke1 Kd3 60. Kf2 Ke4 61. Ke2 Kd4 62. Kd2 Ke4 63. Bd6 Kd5 64. Bf4 Ke4 65. Ke2 Kd4 66. Be3+ Ke4 67. Kd2 Kf3 68. Bf4 Ke4 69. Kc3 Kf3 70. Kd4 Ke2 71. Ke5 Kf3 72. Kf5 Kg2 73. Kxg4 1-0


[Site "https://www.chess.com"]

[Event "Titled Tuesday Blitz June 20 Early 2023"]
[White "Bruedigam, Martin"]
[Black "Souleidis, Georgios"]
[WhiteFideId "24608033"]
[BlackFideId "4206827"]
[WhiteElo "2331"]
[BlackElo "2401"]
[Result "1-0"]
[Round "11"]
[TimeControl "180+2"]
[Date "2023.06.20"]
[WhiteClock "0:00:06"]
[BlackClock "0:00:00"]
[Board "67"]

1. d4 Nf6 2. c4 g6 3. f3 Nc6 4. e4 e5 5. d5 Nd4 6. Be3 c5 7. Nc3 d6 8. Qd2 Bg7 9. Nge2 O-O 10. Ng3 a6 11. Bd3 Rb8 12. O-O Bd7 13. h3 b5 14. f4 bxc4 15. Bxc4 exf4 16. Bxf4 Bb5 17. Bxb5 Nxb5 18. Rae1 Nxc3 19. bxc3 Re8 20. e5 dxe5 21. Bxe5 Rc8 22. c4 Nd7 23. Bxg7 Rxe1 24. Rxe1 Kxg7 25. Ne4 Kg8 26. Qf4 Qc7 27. Qg4 1-0


[Site "https://www.chess.com"]

[Event "Titled Tuesday Blitz June 20 Early 2023"]
[White "djokovic74"]
[Black "Camilla_Lee"]
[WhiteElo "2639"]
[BlackElo "2520"]
[Result "1-0"]
[Round "11"]
[TimeControl "180+2"]
[Date "2023.06.20"]
[WhiteClock "0:00:04"]
[BlackClock "0:00:04"]
[Board "68"]

1. e4 e5 2. Nf3 Nc6 3. Bb5 f5 4. d3 fxe4 5. dxe4 Nf6 6. O-O Bc5 7. Nc3 Nd4 8. Be3 Nxf3+ 9. Qxf3 Bxe3 10. Qxe3 O-O 11. Rad1 Qe7 12. h3 d6 13. f4 exf4 14. Rxf4 Be6 15. Rdf1 a6 16. Bd3 Nd7 17. Ne2 c5 18. Rxf8+ Rxf8 19. Nf4 Ne5 20. Be2 Rf6 21. Rd1 Bf7 22. a3 Nc6 23. c3 Qe5 24. Nd3 Qe7 25. Bf3 h6 26. b4 b6 27. Re1 g5 28. e5 Nxe5 29. Nxe5 dxe5 30. Qxe5 Qxe5 31. Rxe5 Re6 32. Rd5 cxb4 33. cxb4 Re3 34. Rd6 Rxa3 35. Rxb6 Kg7 36. Be2 a5 37. b5 Bd5 38. Rd6 Be4 39. Rd4 Ba8 40. Rd8 Be4 41. Re8 Bd5 42. Re5 Ba8 43. b6 Kf6 44. Rb5 Bb7 45. Bf3 Ra1+ 46. Kh2 Ba6 47. b7 Bxb7 48. Rxb7 a4 49. Kg3 a3 50. Kg4 Kg6 51. Rb6+ Kg7 52. Ra6 Ra2 53. Kf5 Ra1 54. Ra7+ Kf8 55. Kf6 Ke8 56. Kg6 h5 57. Kxh5 Kf8 58. Kxg5 Ke8 59. h4 Kf8 60. h5 Kg8 61. h6 a2 62. Kg6 Kf8 63. h7 Rh1 64. Rxa2 1-0


[Site "https://www.chess.com"]

[Event "Titled Tuesday Blitz June 20 Early 2023"]
[White "Haug, Havard"]
[Black "Delorme, Axel"]
[WhiteFideId "1547887"]
[BlackFideId "632023"]
[WhiteElo "2396"]
[BlackElo "2478"]
[Result "1-0"]
[Round "11"]
[TimeControl "180+2"]
[Date "2023.06.20"]
[WhiteClock "0:01:12"]
[BlackClock "0:00:06"]
[Board "69"]

1. e4 c5 2. c3 d5 3. exd5 Qxd5 4. d4 Nc6 5. Nf3 Bf5 6. Be3 cxd4 7. Nxd4 Nf6 8. Nxf5 Qxf5 9. Bd3 Qd5 10. O-O O-O-O 11. Be2 Qxd1 12. Rxd1 Rxd1+ 13. Bxd1 Nd5 14. Bc1 e5 15. Nd2 f5 16. g3 Be7 17. Kg2 Rd8 18. Bb3 Bf6 19. Nc4 Kc7 20. Ne3 Nxe3+ 21. Bxe3 a6 22. Rd1 Rxd1 23. Bxd1 Kd6 24. Kf1 e4 25. Bf4+ Be5 26. Be3 Na5 27. Be2 b5 28. Ke1 Nc4 29. Bxc4 bxc4 30. Kd2 Kd5 31. b3 Bf6 32. h4 g6 33. Kc2 Be7 34. a4 cxb3+ 35. Kxb3 Bc5 36. c4+ Kc6 37. Kc3 Bxe3 38. fxe3 Kc5 39. Kb3 a5 40. Kc3 h6 41. Kb3 g5 42. hxg5 hxg5 43. Kc3 Kc6 44. Kd4 Kd6 45. c5+ Ke6 46. c6 Kd6 47. c7 Kxc7 48. Ke5 Kc6 49. Kxf5 Kc5 50. Kxe4 Kb4 51. Kd5 Kxa4 52. Kc4 Ka3 53. e4 a4 54. e5 Kb2 55. e6 a3 56. e7 a2 57. e8=Q a1=Q 58. Qe5+ Kb1 59. Qxa1+ Kxa1 60. Kd5 Kb2 61. Ke5 Kc3 62. Kf5 g4 63. Kxg4 Kd4 64. Kf5 1-0


[Site "https://www.chess.com"]

[Event "Titled Tuesday Blitz June 20 Early 2023"]
[White "ATM622"]
[Black "Morgunov, Anatoly"]
[BlackFideId "4145909"]
[WhiteElo "2627"]
[BlackElo "2237"]
[Result "1-0"]
[Round "11"]
[TimeControl "180+2"]
[Date "2023.06.20"]
[WhiteClock "0:01:52"]
[BlackClock "0:00:35"]
[Board "70"]

1. d4 e6 2. c4 Nf6 3. g3 d5 4. Bg2 Bb4+ 5. Nd2 O-O 6. Qc2 dxc4 7. Qxc4 Bxd2+ 8. Bxd2 Nc6 9. Nf3 Bd7 10. O-O Ne7 11. Ne5 Bc6 12. Nxc6 Nxc6 13. e3 Ne7 14. Rac1 c6 15. Rfd1 Ned5 16. e4 Nb6 17. Qd3 h6 18. f4 Qe7 19. a3 Rfd8 20. Bb4 Qd7 21. Bf3 Ne8 22. Ba5 Nc7 23. Qb3 Nb5 24. d5 exd5 25. exd5 cxd5 26. Bxb6 axb6 27. Bxd5 Qe8 28. Bxf7+ Qxf7 29. Qxb5 Qf6 30. Kg2 Re8 31. Re1 Red8 32. Rcd1 Rdc8 33. Re2 Rc5 34. Re8+ Rxe8 35. Qxe8+ Kh7 36. Qe4+ Qg6 37. Qxg6+ Kxg6 38. Rd6+ Kf5 39. Rxb6 Kg4 40. h3+ Kf5 41. Rxb7 Ke4 42. Re7+ Kd3 43. Kf3 Rc2 44. Rd7+ Kc4 45. Rc7+ Kb3 46. Rxc2 Kxc2 47. a4 Kb3 48. a5 g5 49. a6 g4+ 50. hxg4 h5 51. gxh5 Kb4 52. a7 Kb5 53. a8=Q Kb6 54. Qe4 Kc5 55. h6 Kb5 56. h7 Kb6 57. h8=Q Kc7 58. Qg7+ Kd8 59. Qee7+ Kc8 60. Qgf8# 1-0


[Site "https://www.chess.com"]

[Event "Titled Tuesday Blitz June 20 Early 2023"]
[White "Womacka, Mathias"]
[Black "Vlassov, Nikolai"]
[WhiteFideId "4611390"]
[BlackFideId "4103360"]
[WhiteElo "2377"]
[BlackElo "2324"]
[Result "1-0"]
[Round "11"]
[TimeControl "180+2"]
[Date "2023.06.20"]
[WhiteClock "0:00:06"]
[BlackClock "0:00:23"]
[Board "71"]

1. e4 Nc6 2. Nf3 d5 3. exd5 Qxd5 4. Nc3 Qa5 5. Bb5 Bd7 6. d4 a6 7. Bc4 Bg4 8. h3 Bxf3 9. Qxf3 O-O-O 10. Be3 e5 11. d5 Ba3 12. dxc6 Bxb2 13. O-O Qxc3 14. Rad1 Nf6 15. cxb7+ Kb8 16. Bxf7 Qxc2 17. Bb3 Qe4 18. Qg3 Rxd1 19. Rxd1 Nh5 20. Qg5 Qg6 21. Rd8+ Rxd8 22. Qxd8+ Kxb7 23. Bd5+ c6 24. Qd7+ Kb8 25. Bxc6 Qb1+ 26. Kh2 Bd4 27. Bxd4 exd4 28. Qxd4 Qf5 29. Qb6+ Kc8 30. Qxa6+ Kc7 31. Qb7+ Kd6 32. Bf3 Nf6 33. g3 g5 34. Kg2 h5 35. Qc6+ Ke7 36. Qc7+ Ke6 37. Qc8+ Ke5 38. Qxf5+ Kxf5 39. a4 g4 40. hxg4+ hxg4 41. Be2 Ke5 42. a5 Kd6 43. a6 Kc7 44. Kf1 Kb6 45. Ke1 Ka7 46. Kd2 Kb6 47. Ke3 Ka7 48. Kf4 Kb6 49. Kf5 Nd5 50. Kxg4 Nc3 51. Bf1 Ne4 52. Kf3 Nd2+ 53. Kg2 1-0


[Site "https://www.chess.com"]

[Event "Titled Tuesday Blitz June 20 Early 2023"]
[White "Savitha Shri B"]
[Black "Sowul, Bartosz"]
[WhiteFideId "35061887"]
[BlackFideId "1137590"]
[WhiteElo "2172"]
[BlackElo "2188"]
[Result "1-0"]
[Round "11"]
[TimeControl "180+2"]
[Date "2023.06.20"]
[WhiteClock "0:00:21"]
[BlackClock "0:00:13"]
[Board "72"]

1. Nf3 Nf6 2. c4 c5 3. Nc3 d5 4. cxd5 Nxd5 5. d4 cxd4 6. Nxd5 Qxd5 7. Qxd4 Qxd4 8. Nxd4 e5 9. Nb5 Na6 10. e4 Bb4+ 11. Bd2 Bxd2+ 12. Kxd2 Be6 13. Nd6+ Ke7 14. Nxb7 Nb4 15. a3 Nc6 16. Kc3 Rab8 17. Ba6 Nd4 18. b4 Rhc8+ 19. Nc5 Rc6 20. Bc4 Rbc8 21. Rhc1 a5 22. Kd3 axb4 23. axb4 Bxc4+ 24. Rxc4 Nb3 25. Ra7+ Ke8 26. Nb7 Nc1+ 27. Rxc1 Rxc1 28. Nd6+ Kf8 29. Nxc8 Rxc8 30. b5 Ke8 31. b6 Rb8 32. b7 Kd7 33. Kc4 Kc6 34. f3 f6 35. h4 Kb6 36. Ra1 Kc6 37. Rb1 g6 38. Rb5 h5 39. g3 f5 40. exf5 gxf5 41. Rxe5 Rxb7 42. Rxf5 Rg7 43. Rg5 Rh7 44. Rg6+ Kd7 45. Kd5 Ke7 46. Ke5 Kf7 47. Kf5 Rh8 48. Ra6 Rb8 49. Ra7+ Kg8 50. Kg6 Rb6+ 51. Kg5 Rb5+ 52. Kf6 Kh8 53. g4 Rb3 54. Kg6 Rb6+ 55. Kxh5 Kg8 56. g5 Kh8 57. f4 Kg8 58. f5 Kh8 59. f6 Kg8 60. Kg6 Rc6 61. Ra8+ Rc8 62. Rxc8# 1-0


[Site "https://www.chess.com"]

[Event "Titled Tuesday Blitz June 20 Early 2023"]
[White "Ovchinnikov, Vsevolod"]
[Black "Ziatdinov, Raset"]
[WhiteFideId "24176842"]
[BlackFideId "2015323"]
[WhiteElo "2376"]
[BlackElo "2220"]
[Result "1/2-1/2"]
[Round "11"]
[TimeControl "180+2"]
[Date "2023.06.20"]
[WhiteClock "0:00:14"]
[BlackClock "0:00:20"]
[Board "73"]

1. d4 Nf6 2. c4 g6 3. Nc3 d5 4. h4 h5 5. Nf3 Bg7 6. Bg5 c6 7. cxd5 cxd5 8. Qb3 Nc6 9. e3 e6 10. Bb5 O-O 11. Rc1 Bd7 12. Bxc6 Bxc6 13. Ne5 Qa5 14. Qa3 Qxa3 15. bxa3 Rac8 16. f3 Nd7 17. Nxd7 Bxd7 18. Kd2 f6 19. Bf4 e5 20. dxe5 fxe5 21. Bg5 Bc6 22. Ne2 Kf7 23. Rc5 b6 24. Rc2 Ba4 25. Rxc8 Rxc8 26. Nc3 Bc6 27. Rc1 Bb7 28. Nb5 Rxc1 29. Kxc1 Ke6 30. Nxa7 d4 31. e4 Ba6 32. Kd1 Bf1 33. g3 Bf8 34. Bc1 d3 35. Be3 Bxa3 36. Nb5 Be2+ 37. Ke1 Bb4+ 38. Kf2 Bd1 39. a3 Ba5 40. Nc7+ Kd7 41. Nd5 d2 42. Nb4 Bxf3 43. Bxd2 Bxe4 44. Be3 Bxb4 45. axb4 Kc6 46. Bd2 Kb5 47. Ke3 Bd5 48. Bc3 Kc4 49. Bd2 b5 50. Be1 Kb3 51. Kd3 Bc6 52. Bd2 Kb2 53. Be3 Kb3 54. Bd2 Bd5 55. Be1 Ka4 56. Kc3 Ka3 57. Kc2 Be4+ 58. Kc3 Bd5 59. Kc2 Ka2 60. Bd2 e4 61. Be1 Bc4 62. Bd2 Bd3+ 63. Kc3 Kb1 64. Be3 Ka2 65. Bd2 Kb1 66. Be3 Bc4 67. Bd2 Ka2 68. Be3 Ka3 69. Bd2 Ka4 70. Bc1 Bd3 71. Be3 Bc4 72. Bc1 Bd3 73. Be3 Bc4 74. Bc1 1/2-1/2


[Site "https://www.chess.com"]

[Event "Titled Tuesday Blitz June 20 Early 2023"]
[White "Ansh M Shah"]
[Black "Oro, Faustino"]
[WhiteFideId "25033379"]
[BlackFideId "20000197"]
[WhiteElo "2084"]
[BlackElo "1984"]
[Result "1-0"]
[Round "11"]
[TimeControl "180+2"]
[Date "2023.06.20"]
[WhiteClock "0:00:07"]
[BlackClock "0:00:00"]
[Board "74"]

1. d4 Nf6 2. c4 e6 3. g3 d5 4. Bg2 Be7 5. Nf3 O-O 6. O-O dxc4 7. Qc2 a6 8. a4 Bd7 9. Ne5 Bc6 10. Nxc6 Nxc6 11. Bxc6 bxc6 12. Qxc4 Qd7 13. Bf4 Rfb8 14. b3 Bd6 15. Bxd6 cxd6 16. Rc1 Rc8 17. Nd2 c5 18. Nf3 cxd4 19. Qxd4 e5 20. Qd2 Rd8 21. Rc4 Qb7 22. Rb4 Qe7 23. Rc1 d5 24. Rb6 d4 25. Qb4 Qe8 26. Rc7 Nd5 27. Qc5 Nxb6 28. Qxb6 Rab8 29. Qxa6 h6 30. Qc4 Rdc8 31. Nxe5 Rxc7 32. Qxc7 Rxb3 33. a5 Qe6 34. Qd8+ Kh7 35. Qxd4 f6 36. Qe4+ f5 37. Qd4 Rb5 38. f4 Rxa5 39. h4 Rd5 40. Qa7 Qd6 41. Qe3 Rd1+ 42. Kh2 Qd5 43. Qf3 Qd4 44. h5 Qg1+ 45. Kh3 Qc5 46. Ng6 Qd6 47. Qa8 Qd8 48. Qf3 Rd5 49. Nf8+ Kh8 50. Ng6+ Kh7 51. Nf8+ Kg8 52. Ng6 Rd6 53. Qb7 Qe8 54. Qb3+ Kh7 55. Qb7 Re6 56. Qf3 Rxe2 57. Qb7 Re1 58. Kg2 Qe4+ 59. Qxe4 Rxe4 60. Kf2 Ra4 61. Kf3 Ra5 62. Ne7 Rb5 63. Kg2 Kh8 64. Kh3 Rc5 65. Kg2 g6 66. Nxg6+ Kg7 67. Ne5 Rd5 68. Kf3 Kf6 69. Kg2 Ke6 70. Kf3 Rd2 71. Ke3 Ra2 72. Kf3 Ra3+ 73. Kg2 Kd5 74. Nf7 Ra6 75. Kh3 Ke4 76. Nh8 Kf3 77. Ng6 Ra1 78. Nh4+ Kf2 79. Nxf5 Kf3 80. Nh4+ Ke4 81. Kg2 Ra2+ 82. Kh3 Ra8 83. Ng6 Re8 84. Kg4 Rd8 85. Nh4 Rg8+ 86. Ng6 Ke3 87. f5 Ke4 88. f6 Ra8 89. f7 Ra7 90. f8=Q 1-0


[Site "https://www.chess.com"]

[Event "Titled Tuesday Blitz June 20 Early 2023"]
[White "Rizzo, Tobias"]
[Black "Cherniaiev, Tykhon"]
[WhiteFideId "30942691"]
[BlackFideId "14182360"]
[WhiteElo "2481"]
[BlackElo "2450"]
[Result "0-1"]
[Round "11"]
[TimeControl "180+2"]
[Date "2023.06.20"]
[WhiteClock "0:00:30"]
[BlackClock "0:00:08"]
[Board "75"]

1. d4 Nf6 2. Bg5 Ne4 3. h4 c5 4. d5 d6 5. Nd2 Nxg5 6. hxg5 e6 7. dxe6 Bxe6 8. Ngf3 Be7 9. e3 Nc6 10. g6 fxg6 11. Bd3 Bf7 12. c3 Qc7 13. Qa4 a6 14. Qg4 Qd7 15. Qg3 O-O-O 16. O-O-O d5 17. e4 d4 18. Nc4 Qc7 19. Qg4+ Kb8 20. Kb1 dxc3 21. bxc3 Rxd3 22. Rxd3 Bxc4 23. Rd7 Qb6+ 24. Ka1 Qa5 25. Qf4+ Ka8 26. Qd2 Bf6 27. Rc1 Re8 28. Qb2 Qb5 29. Qxb5 axb5 30. Nd2 Be6 31. Rd3 b4 32. Nb1 Bc4 33. Re3 Bg5 34. cxb4 Bxe3 35. Rxc4 Bd4+ 0-1


[Site "https://www.chess.com"]

[Event "Titled Tuesday Blitz June 20 Early 2023"]
[White "Papayan, Oleg"]
[Black "Danielyan, Vahe"]
[WhiteFideId "4193911"]
[BlackFideId "13304828"]
[WhiteElo "2167"]
[BlackElo "2423"]
[Result "1-0"]
[Round "11"]
[TimeControl "180+2"]
[Date "2023.06.20"]
[WhiteClock "0:00:08"]
[BlackClock "0:00:00"]
[Board "76"]

1. e4 c5 2. d4 cxd4 3. Qxd4 Nc6 4. Qd3 e6 5. Nc3 Nf6 6. Bf4 d6 7. O-O-O e5 8. Bg5 Be6 9. Nf3 Be7 10. Bxf6 gxf6 11. Nd5 Qd7 12. Kb1 O-O-O 13. Be2 f5 14. Nxe7+ Nxe7 15. Qa3 Nc6 16. exf5 Bxf5 17. Bb5 Qc7 18. Rd2 Kb8 19. Rhd1 Rhg8 20. Nh4 Be6 21. Bxc6 Qxc6 22. Rxd6 Qc7 23. Rxd8+ Rxd8 24. Qf3 e4 25. Qe2 Bc4 26. Rxd8+ Qxd8 27. Qe1 Qxh4 28. b3 Bd5 29. Qd2 Bc6 30. Qd6+ Kc8 31. Qf8+ Qd8 32. Qxf7 Qd6 33. Qg8+ Kc7 34. Qxh7+ Kb6 35. h4 Qd3 36. cxd3 exd3 37. Kc1 Bxg2 38. Qg6+ Kb5 39. Qxg2 Kb4 40. Kd2 Ka3 41. h5 Kxa2 42. Qxb7 Kb2 43. h6 a5 44. h7 a4 45. h8=Q+ 1-0


[Site "https://www.chess.com"]